 Dungeon Sprint DCSS version 0.31-a0-835-g2a3a5bc3be (webtiles) character file.

Game seed: 13927690604043443970

19884 Conn the Scorcher (level 12, -2/78 HPs)
             Began as an Octopode Fire Elementalist on Sept 26, 2023.
             Was the Champion of Sif Muna.
             Slain by a naga warrior
             ... wielding a +0 halberd
              (29 damage)
             ... in the Dungeon (Sprint VII: "The Pits").
             The game lasted 00:30:59 (4989 turns).

Conn the Scorcher (Octopode Fire Elementalist)      Turns: 4989, Time: 00:31:00

Health: -2/78      AC:  5    Str: 17    XL:     12   Next: 73%
Magic:  9/29       EV: 14    Int: 24    God:    Sif Muna [******]
Gold:   62         SH:  0    Dex:  9    Spells: 5/38 levels left

rFire   + . .        E - staff of cold
rCold   + . .        (no shield)
rNeg    . . .        (helmet restricted)
rPois   .            (no amulet)
rElec   .            m - +3 ring of intelligence
rCorr   .            n - +3 ring of strength
SInv    +            (no ring)
Will    .....        w - ring of flight
Stlth   ++++         D - ring of Honesty {AC+4 Str+7 Dex-5 Slay-6 SInv}
HPRegen 0.33/turn    C - ring of protection from fire
MPRegen 0.21/turn    (no ring)
                     (no ring)

%: no teleportation
@: lethally poisoned (-2 -> -5), channelling, flying
A: almost no armour, amphibious, 8 rings, camouflage 1, gelatinous body 1,
(nimble swimmer 1), tentacles
a: Renounce Religion, Channel Magic, Forget Spell, Divine Exegesis


You were in the Dungeon.
You worshipped Sif Muna.
Sif Muna was exalted by your worship.
You visited 1 branch You collected 62 gold pieces.

Inventory:

Hand Weapons
 g - a +2 dagger
 l - a +2 dagger of draining
 r - a +2 halberd of protection
Magical Staves
 E - a staff of cold (weapon)
Jewellery
 m - a +3 ring of intelligence (left tentacle)
 n - a +3 ring of strength (right tentacle)
 v - a ring of fire
 w - a ring of flight (on tentacle)
 C - a ring of protection from fire (on tentacle)
 D - the ring of Honesty (on tentacle) {AC+4 Str+7 Dex-5 Slay-6 SInv}
   (You found it in the Dungeon)

   [ring of protection]

   AC+4:      It affects your AC (+4).
   Str+7:     It affects your strength (+7).
   Dex-5:     It affects your dexterity (-5).
   Slay-6:    It affects your accuracy & damage with ranged weapons and melee
   (-6).
   SInv:      It lets you see invisible.
Wands
 s - a wand of paralysis (7)
 u - a wand of light (6)
Scrolls
 f - 3 scrolls of blinking
 i - 3 scrolls of vulnerability
 j - 4 scrolls of amnesia
 k - a scroll of butterflies
 x - 4 scrolls of enchant armour
 y - 2 scrolls of fog
 z - 2 scrolls of identify
 A - 2 scrolls of enchant weapon
 B - a scroll of immolation
Potions
 a - 5 potions of magic
 b - 10 potions of curing
 c - 8 potions of heal wounds
 d - 2 potions of haste
 e - 4 potions of berserk rage
 h - 2 potions of invisibility
 o - 2 potions of brilliance
 p - a potion of mutation
 q - a potion of resistance
 t - 2 potions of might


   Skills:
 * Level 5.8 Fighting
 + Level 2.2 Short Blades
 + Level 1.4 Polearms
 + Level 0.1 Throwing
 + Level 7.1 Dodging
 - Level 5.0 Stealth
 * Level 13.6 Spellcasting
 + Level 12.6 Conjurations
 + Level 6.6 Hexes
 - Level 3.0 Transmutations
 + Level 17.6 Fire Magic
 * Level 4.7 Ice Magic
 - Level 9.0 Air Magic
 - Level 3.0 Poison Magic
 * Level 13.4 Invocations


You had 5 spell levels left.
You knew the following spells:

 Your Spells              Type           Power      Damage    Failure   Level
a - Foxfire               Conj/Fire      100%       2x1d9     0%          1
b - Scorch                Fire           100%       2d9       0%          2
c - Inner Flame           Hex/Fire       65%        N/A       1%          3
d - Flame Wave            Conj/Fire      73%        2d16      1%          4
e - Mephitic Cloud        Conj/Pois/Air  54%        N/A       1%          3
f - Plasma Beam           Fire/Air       34%        2x1d47    2%          6
g - Starburst             Conj/Fire      36%        6d11      1%          6
h - Swiftness             Air            56%        N/A       1%          3
i - Irradiate             Conj/Tmut      26%        3d20      4%          5

Your spell library contained the following spells:

 Spells                   Type           Power      Damage    Failure   Level
 Jinxbite                 Hex            96%        N/A       1%          2
 Searing Ray              Conj           100%       2d8       1%          2
 Wereblood                Tmut           30%        N/A       1%          2
 Confusing Touch          Hex            48%        N/A       1%          3
 Dazzling Flash           Conj/Hex       100%       N/A       1%          3
 Hailstorm                Conj/Ice       72%        3d15      1%          3
 Ignite Poison            Fire/Tmut/Pois 52%        N/A       1%          3
 Tukima's Dance           Hex            48%        N/A       1%          3
 Volatile Blastmotes      Fire/Tloc      100%       2d18      1%          3
 Airstrike                Air            28%        2d(4-20)  1%          4
 Fulminant Prism          Conj/Hex       29%        3d13      1%          4
 Sticky Flame             Conj/Fire      73%        2d9       1%          4
 Arcjolt                  Conj/Air       31%        1d41      1%          5
 Fireball                 Conj/Fire      36%        3d15      1%          5
 Iskenderun's Battlesphe  Conj           67%        2d12      1%          5
 Brom's Barrelling Bould  Conj/Erth      46%        2d6       2%          4
 Cause Fear               Hex            24%        N/A       2%          4
 Freezing Cloud           Conj/Ice/Air   36%        6-21      2%          5
 Summon Lightning Spire   Summ/Air       37%        N/A       6%          4
 Anguish                  Hex/Necr       16%        N/A       10%         4
 Dimensional Bullseye     Hex/Tloc       16%        N/A       10%         4
 Leda's Liquefaction      Hex/Erth       16%        N/A       10%         4
 Metabolic Englaciation   Hex/Ice        30%        N/A       10%         5
 Call Canine Familiar     Summ           16%        N/A       11%         3
 Summon Mana Viper        Hex/Summ       32%        N/A       26%         5
 Dispel Undead            Necr           16%        3d10      36%         4
 Manifold Assault         Tloc           16%        N/A       36%         4
 Passage of Golubria      Tloc           16%        N/A       36%         4
 Borgnjor's Vile Clutch   Necr/Erth      8%         N/A       71%         5
 Conjure Ball Lightning   Conj/Air       31%        3x3d10    7%          6
 Ignition                 Fire           39%        3d12      17%         8
 Bombard                  Conj/Erth      23%        9d4       38%         6
 Spellforged Servitor     Conj/Summ      23%        N/A       93%         7
 Malign Gateway           Summ/Tloc      8%         N/A       100%        7
 Fire Storm               Conj/Fire      36%        8d9       100%        9


Dungeon Overview and Level Annotations

Branches:
Dungeon (1/1)

Altars:
Ashenzari
Cheibriados
Dithmenos
Elyvilon
Fedhas
Gozag
Hepliaklqana
Kikubaaqudgha
Makhleb
Nemelex Xobeh
Okawaru
Qazlal
Ru
Sif Muna
Trog
Uskayaw
Vehumet
Wu Jian
Xom
Yredelemnul
Zin
The Shining One
Jiyva
Lugonu


Innate Abilities, Weirdness & Mutations

You cannot wear most types of armour.
You are amphibious.
You can wear up to eight rings at the same time.
Your skin changes colour to match your surroundings (Stealth+).
Your rubbery body absorbs attacks. (AC +1, EV +1)
((You are camouflaged when in or above water. (Stealth+)))
You have tentacles for arms and can constrict up to eight enemies at once.


Message History

Casting: Foxfire (safe; 0% risk of failure)
Confirm with . or Enter, or press ? or * to list all spells.
Flames lash the naga warrior.
The naga warrior is almost dead.
The naga warrior's fire resistance burns away.
You feel sick.
The naga warrior hits you from afar with a +0 halberd!!
* * * LOW HITPOINT WARNING * * *
Unknown command.
Unknown command.
Unknown command.
Unknown command.
Unknown command.
You feel much better.
You feel sick.
You are no longer poisoned.
The naga warrior spits poison at you. The splash of poison hits you.
You are poisoned.
Okay, then.
Unknown command.
Unknown command.
Okay, then.
Unknown command.
Unknown command.
Unknown command.
Unknown command.
Okay, then.
Unknown command.
Unknown command.
Unknown command.
You feel sick.
The naga warrior hits you from afar with a +0 halberd!!
* * * LOW HITPOINT WARNING * * *
Casting: Scorch (safe; 0% risk of failure)
Confirm with . or Enter, or press ? or * to list all spells.
Okay, then.
Unknown command.
You feel much better.
You feel sick.
The naga warrior hits you from afar with a +0 halberd!!
You die...

#.#.....#))##.......##..# ##..)..
#.#.....#).##.......##..###..#'#.
#.####)##'###...<...##..##..##.##
#.#........##.......##..##.##...#
#.#........##.......##..####.....
#)###########.......##...##.)....
#)......#[.###########....'.)).))
#...#...#)############...##))....
#...#...#)#....#@.[[##..####.....
#.##.##.#'#....#..[[##..##.##...#
#...#...#)'....N..))##..##..##.##
#...#.ยง.#'#....#...)##..###..#'#.
#....N.N'.#....#..))##..# ##.....
######################### ######


You could see a naga warrior (catching breath, combustible).

Vanquished Creatures
  2 eidola (D)
  An ice dragon (D)
  A vault guard (D)
  A hydra (D)
  3 naga warriors (D)
  A death yak (D)
  A two-headed ogre (D)
  A sea snake (D)
  A phantasmal warrior (D)
  A flayed ghost (D)
  A deep elf zephyrmancer (D)
  A deep elf pyromancer (D)
  5 orc knights (D)
  A black mamba (D)
  An elephant (D)
  A salamander (D)
  A cane toad (D)
  A naga mage (D)
  2 kobold demonologists (D)
  A komodo dragon (D)
  2 freezing wraiths (D)
  A red devil (D)
  An ice devil (D)
  A wandering mushroom (D)
  2 wind drakes (D)
  A tyrant leech (D)
  4 blink frogs (D)
  A jumping spider (D)
  A snapping turtle (D)
  A water elemental (D)
  An air elemental (D)
  2 ynoxinuls (D)
  4 yaks (D)
  Eustachio (D)
  A fire bat (D)
  6 vampire mosquitoes (D)
  A steam dragon (D)
  A floating eye (D)
  2 acid dragons (D)
  A water moccasin (D)
  A black bear (D)
  Pargi (D)
  An ice beast (D)
  An orc warrior (D)
  4 wolves (D)
  3 centaurs (D)
  A phantom (D)
  2 kobold brigands (D)
  A scorpion (D)
  An orc priest (D)
  A gnoll bouda (D)
  Ijyb (D)
  2 orc wizards (D)
  A hell rat (D)
  An adder (D)
  6 gnolls (D)
  A river rat (D)
  A white imp (D)
  2 ufetubi (D)
  An adder skeleton (D)
  A worm (D)
  2 orcs (D)
  A bat zombie (D)
  An endoplasm (D)
  2 giant cockroaches (D)
  3 jackals (D)
  A kobold (D)
  2 frilled lizards (D)
109 creatures vanquished.

Vanquished Creatures (others)
  161 foxfires (D)
161 creatures vanquished.

Grand Total: 270 creatures vanquished

Notes
Turn   | Place    | Note
-------+----------+-------------------------------------------
     0 | D        | Conn the Octopode Fire Elementalist began the quest for the
                  | Orb.
     0 | D        | Reached XP level 1. HP: 11/11 MP: 3/3
    51 | D        | Found a glowing golden altar of the Shining One.
    51 | D        | Found a glowing silver altar of Zin.
    51 | D        | Found a basalt altar of Yredelemnul.
    51 | D        | Found a shimmering altar of Xom.
    51 | D        | Found an ornate altar of the Wu Jian Council.
    51 | D        | Found a bloodstained altar of Trog.
    51 | D        | Found a shimmering blue altar of Sif Muna.
    51 | D        | Found a sacrificial altar of Ru.
    51 | D        | Found a stormy altar of Qazlal.
    51 | D        | Found an iron altar of Okawaru.
    51 | D        | Found a sparkling altar of Nemelex Xobeh.
    51 | D        | Found a burning altar of Makhleb.
    51 | D        | Found a viscous altar of Jiyva.
    51 | D        | Found a hazy altar of Hepliaklqana.
    51 | D        | Found an opulent altar of Gozag.
    51 | D        | Found a blossoming altar of Fedhas.
    51 | D        | Found a white marble altar of Elyvilon.
    51 | D        | Found a shadowy altar of Dithmenos.
    51 | D        | Found a snail-covered altar of Cheibriados.
    52 | D        | Found a radiant altar of Vehumet.
    52 | D        | Found a corrupted altar of Lugonu.
    53 | D        | Found an ancient bone altar of Kikubaaqudgha.
    53 | D        | Found a hide-covered altar of Uskayaw.
    53 | D        | Found a broken altar of Ashenzari.
    54 | D        | Became a worshipper of Sif Muna the Loreminder
    73 | D        | Noticed a floating eye
    77 | D        | Killed a floating eye
    78 | D        | Reached skill level 7 in Fire Magic
    78 | D        | Reached XP level 2. HP: 17/17 MP: 4/7
    78 | D        | Reached XP level 3. HP: 21/21 MP: 4/8
    78 | D        | Reached XP level 4. HP: 27/27 MP: 5/10
    82 | D        | Reached skill level 5 in Stealth
   148 | D        | Learned a level 2 spell: Scorch
   152 | D        | Learned a level 3 spell: Inner Flame
   157 | D        | Learned a level 4 spell: Flame Wave
   162 | D        | Reached * piety under Sif Muna
   166 | D        | Reached XP level 5. HP: 31/31 MP: 7/11
   167 | D        | Reached ** piety under Sif Muna
   217 | D        | Reached skill level 1 in Invocations
   223 | D        | Reached skill level 5 in Spellcasting
   223 | D        | Reached skill level 8 in Fire Magic
   223 | D        | Reached *** piety under Sif Muna
   358 | D        | Noticed a centaur
   360 | D        | Noticed a wolf
   360 | D        | Noticed a black bear
   360 | D        | Noticed a phantom
   363 | D        | Noticed a centaur
   365 | D        | Killed a black bear
   365 | D        | Killed a centaur
   366 | D        | Reached skill level 9 in Fire Magic
   366 | D        | Reached XP level 6. HP: 29/36 MP: 0/15
   367 | D        | Reached XP level 7. HP: 34/41 MP: 1/17
   371 | D        | Reached **** piety under Sif Muna
   372 | D        | Reached skill level 1 in Hexes
   374 | D        | Reached skill level 10 in Fire Magic
   374 | D        | Reached skill level 5 in Invocations
   424 | D        | Noticed a fire bat
   428 | D        | Killed a fire bat
   429 | D        | Reached skill level 5 in Dodging
   429 | D        | Reached skill level 5 in Conjurations
   470 | D        | Noticed a deep elf zephyrmancer
   474 | D        | Killed a deep elf zephyrmancer
   475 | D        | Reached skill level 11 in Fire Magic
   475 | D        | Reached XP level 8. HP: 47/47 MP: 13/21
   521 | D        | Noticed Pargi
   528 | D        | Reached ***** piety under Sif Muna
   528 | D        | Identified Sif Muna's Writings on Flashy Corpses (Sif Muna
                  | gifted it to you in the Dungeon)
   528 | D        | Received a gift from Sif Muna
   528 | D        | Killed Pargi
   534 | D        | Learned a level 3 spell: Mephitic Cloud
   617 | D        | Learned a level 4 spell: Sticky Flame
   618 | D        | Noticed a black mamba
   619 | D        | Noticed an elephant
   631 | D        | HP: 2/47 [elephant (19)]
   631 | D        | Killed a black mamba
   631 | D        | Killed an elephant
   632 | D        | Reached skill level 1 in Fighting
   632 | D        | Reached skill level 1 in Short Blades
   632 | D        | Reached skill level 12 in Fire Magic
   632 | D        | Reached XP level 9. HP: 2/54 MP: 9/22
   925 | D        | Noticed a death yak
   927 | D        | Noticed a cane toad
   935 | D        | Killed a cane toad
   939 | D        | Killed a death yak
   939 | D        | Received a gift from Sif Muna
   940 | D        | Reached skill level 13 in Fire Magic
   940 | D        | Reached skill level 5 in Air Magic
  1112 | D        | Learned a level 6 spell: Starburst
  1120 | D        | Learned a level 6 spell: Plasma Beam
  1120 | D        | Noticed a two-headed ogre
  1120 | D        | Noticed a freezing wraith
  1120 | D        | Noticed a freezing wraith
  1128 | D        | Killed a two-headed ogre
  1129 | D        | Reached XP level 10. HP: 61/61 MP: 1/23
  1129 | D        | Identified Waneckag's Lessons on Assistive Transition (Sif
                  | Muna gifted it to you in the Dungeon)
  1129 | D        | Received a gift from Sif Muna
  1134 | D        | Reached skill level 14 in Fire Magic
  1162 | D        | Noticed a kobold demonologist
  1163 | D        | Noticed Eustachio
  1169 | D        | Killed a kobold demonologist
  1184 | D        | Reached skill level 10 in Invocations
  1188 | D        | Identified Uruis's Volume of the Hexing Fifth Circle (Sif
                  | Muna gifted it to you in the Dungeon)
  1188 | D        | Received a gift from Sif Muna
  1427 | D        | Killed Eustachio
  1596 | D        | Noticed Ijyb
  1600 | D        | Killed Ijyb
  1605 | D        | Noticed a sea snake
  1606 | D        | Noticed a naga warrior
  1738 | D        | Killed a sea snake
  1825 | D        | Noticed an eight-headed hydra
  1868 | D        | Killed an eight-headed hydra
  1868 | D        | Reached ****** piety under Sif Muna
  1868 | D        | Identified Sif Muna's Sorcery in Simple Steps (Sif Muna
                  | gifted it to you in the Dungeon)
  1868 | D        | Received a gift from Sif Muna
  1869 | D        | Reached skill level 5 in Hexes
  1874 | D        | Learned a level 3 spell: Swiftness
  1909 | D        | Reached skill level 10 in Conjurations
  1909 | D        | Reached skill level 15 in Fire Magic
  1909 | D        | Reached XP level 11. HP: 66/66 MP: 6/24
  2342 | D        | Noticed a salamander
  2347 | D        | Killed a naga warrior
  2347 | D        | Identified Sif Muna's Easy Theurgy (Sif Muna gifted it to
                  | you in the Dungeon)
  2347 | D        | Received a gift from Sif Muna
  2350 | D        | Killed a salamander
  2382 | D        | Reached skill level 10 in Spellcasting
  2554 | D        | Noticed a flayed ghost
  2559 | D        | Killed a flayed ghost
  2560 | D        | Reached skill level 16 in Fire Magic
  2660 | D        | Noticed a phantasmal warrior
  2663 | D        | Killed a phantasmal warrior
  2761 | D        | Reached skill level 1 in Polearms
  2836 | D        | Identified Sif Muna's Precepts of the Cockatrice (Sif Muna
                  | gifted it to you in the Dungeon)
  2836 | D        | Received a gift from Sif Muna
  3012 | D        | Noticed an eidolon
  3016 | D        | Killed an eidolon
  3177 | D        | Got the ring of Honesty {AC+4 Str+7 Dex-5 Slay-6 SInv}
  3332 | D        | Noticed a deep elf pyromancer
  3337 | D        | Received a gift from Sif Muna
  3340 | D        | Killed a deep elf pyromancer
  3442 | D        | Learned a level 5 spell: Irradiate
  3567 | D        | Reached XP level 12. HP: 65/72 MP: 15/27
  3571 | D        | Identified Sif Muna's Tome of Charred Thunder (Sif Muna
                  | gifted it to you in the Dungeon)
  3571 | D        | Received a gift from Sif Muna
  3572 | D        | Reached skill level 1 in Transmutations
  3572 | D        | Reached skill level 17 in Fire Magic
  3572 | D        | Reached skill level 1 in Ice Magic
  3854 | D        | Identified Riawkof's Omnibus of Numb Immolation (Sif Muna
                  | gifted it to you in the Dungeon)
  3854 | D        | Received a gift from Sif Muna
  3913 | D        | Noticed an eidolon
  3918 | D        | Killed an eidolon
  4064 | D        | Noticed an orc warlord
  4065 | D        | Noticed an orc warlord
  4076 | D        | Noticed a vault guard
  4208 | D        | Killed a vault guard
  4208 | D        | Identified Sif Muna's Verses on Violence and Iniquitous
                  | Spells (Sif Muna gifted it to you in the Dungeon)
  4208 | D        | Identified Sif Muna's Incunable of the Charred Curse (Sif
                  | Muna gifted it to you in the Dungeon)
  4208 | D        | Received a gift from Sif Muna
  4331 | D        | Noticed a naga warrior
  4338 | D        | Killed a naga warrior
  4450 | D        | Reached skill level 5 in Fighting
  4531 | D        | Noticed a naga warrior
  4537 | D        | Killed a naga warrior
  4626 | D        | Noticed an ice dragon
  4781 | D        | Killed an ice dragon
  4854 | D        | Noticed a naga warrior
  4989 | D        | Slain by a naga warrior

Illustrated notes

Levels and vault maps discovered:
D:        pitsprint [storerooms_1, entrance_room_1, metal_vault_3, armoury_1,
          mini_pit_1, grid_room_1, main_hall_1, silver_pit, the_coven_3,
          the_vestibule_1, steel_vault_2, golden_pit, hallway_of_sentries,
          crystal_vault_1, iron_vault_5, final_vault]

Skill      XL: |  1  2  3  4  5  6  7  8  9 10 11 12 |
---------------+-------------------------------------+-----
Dodging        | 3 4 5 6 7 |  7.1
Stealth        | 4 5 |  5.0
Spellcasting   | 4 6 7 9 11 13 | 13.6
Fire Magic     | 7 9 11 12 13 15 16 17 | 17.6
Conjurations   | 2 4 6 7 8 10 12 | 12.6
Invocations    | 4 6 7 9 10 12 13 | 13.4
Hexes          | 1 2 3 5 6 |  6.6
Fighting       | 1 2 3 5 |  5.8
Short Blades   | 1 2 |  2.2
Air Magic      | 3 6 7 8 9 |  9.0
Poison Magic   | 3 |  3.0
Polearms       | 1 |  1.4
Transmutations | 3 |  3.0
Ice Magic      | 4 |  4.7
Throwing       | |  0.1

Action                     |  1- 3 |  4- 6 |  7- 9 | 10-12 || total
---------------------------+-------+-------+-------+-------++-------
  Melee: Dagger            |     2 |     3 |     5 |       ||    10
         Constrict         |     1 |     1 |     1 |     2 ||     5
         Tentacles         |     1 |       |     1 |     3 ||     5
         Halberd           |       |       |       |     5 ||     5
  Throw: Dart              |       |       |       |     2 ||     2
   Cast: Foxfire           |     2 |    13 |    11 |    74 ||   100
         Flame Wave        |       |     2 |     4 |     6 ||    12
         Inner Flame       |       |     2 |    10 |    30 ||    42
         Scorch            |       |     1 |     9 |    31 ||    41
         Mephitic Cloud    |       |       |     4 |     6 ||    10
         Sticky Flame      |       |       |     1 |       ||     1
         Starburst         |       |       |       |    36 ||    36
         Plasma Beam       |       |       |       |    18 ||    18
         Swiftness         |       |       |       |     2 ||     2
 Invoke: Channel Magic     |       |       |     2 |     4 ||     6
  Evoke: Wand              |       |       |       |     3 ||     3
    Use: Potion            |       |       |     1 |     7 ||     8
         Scroll            |       |       |     1 |       ||     1
   Stab: Sleeping          |     1 |       |     3 |       ||     4
         Confused          |       |       |       |     2 ||     2
 Armour: Skin              |       |     7 |    12 |    43 ||    62
  Dodge: Dodged            |       |     9 |    24 |    29 ||    62

Table legend: (Time is in decaauts)
 A = Elapsed time spent in this place.
 B = Non-inter-level travel time spent in this place.
 C = Inter-level travel time spent in this place.
 D = Time resting spent in this place.
 E = Time spent auto-exploring this place.
 F = Levels seen in this place.
 G = Mean time per level.
                   A        B        C        D        E       F      G
               +--------+--------+--------+--------+--------+-----+--------+
         Total |   4987 |   4930 |     57 |   3067 |      0 |   1 | 4987.0 |
       Dungeon |   4987 |   4930 |     57 |   3067 |      0 |   1 | 4987.0 |
               +--------+--------+--------+--------+--------+-----+--------+

Top non-repeatable levels by time:
       D: 4987 daAuts
